| TOP OF THE 1ST |
|
Wisconsin Timber Rattlers batting - Pitching for Lakewood BlueClaws : RHP Shamar Hansford
|
|
Pitching: RHP Shamar Hansford
|
|
|
Batting: RHB Chris Maul
|
0-0: Called Strike 0-1: Ball 1-1: SINGLE (Groundball, 34D, EV 105.6 MPH)
|
|
Batting: SHB Jerry Duffy
|
0-0: Called Strike 0-1: Called Strike Chris Maul steals 2nd base 0-2: Strikes out swinging
|
|
Batting: LHB Tyler Francis
|
0-0: Ball 1-0: SINGLE (Groundball, 56, EV 96.2 MPH) Chris Maul to third Runner from 3rd tries for Home, SAFE, throw by LF to home
|
|
Batting: RHB Jeremy Harden
|
0-0: Ball 1-0: Called Strike 1-1: Swinging Strike 1-2: Strikes out looking
|
|
Batting: RHB Xiao-shuang Au
|
0-0: Ball 1-0: Ball 2-0: Fielders Choice at 2nd, 6-4 (Groundball, 56D, EV 85.6 MPH)
|
| Top of the 1st over - 1 run, 2 hits, 0 errors, 1 left on base; Wisconsin 1 - Lakewood 0 |
| BOTTOM OF THE 1ST |
|
Lakewood BlueClaws batting - Pitching for Wisconsin Timber Rattlers : RHP Julian Urbina
|
|
Pitching: RHP Julian Urbina
|
|
|
Batting: LHB Jonathan Roman
|
0-0: Foul Ball, location: 2F 0-1: Ball 1-1: Ball 2-1: Ground out 3-1 (Groundball, 34, EV 86.9 MPH)
|
|
Batting: SHB Steve DeRienzo
|
0-0: Ball 1-0: Called Strike 1-1: Ball 2-1: Ball 3-1: Foul Ball, location: 2F 3-2: Strikes out swinging
|
|
Batting: LHB Josh George
|
0-0: Ball 1-0: Ball 2-0: Fly out, F8 (Flyball, 8LXD, EV 89.4 MPH)
|
| Bottom of the 1st over - 0 runs, 0 hits, 0 errors, 0 left on base; Wisconsin 1 - Lakewood 0 |
| TOP OF THE 2ND |
|
Wisconsin Timber Rattlers batting - Pitching for Lakewood BlueClaws : RHP Shamar Hansford
|
|
Batting: SHB Ramon Perez
|
0-0: Ball 1-0: Ball 2-0: Swinging Strike 2-1: Foul Ball, location: 2F 2-2: Ball 3-2: Ground out U3 (Groundball, 3, EV 88.8 MPH)
|
|
Batting: LHB Greg Reedy
|
0-0: Swinging Strike 0-1: Ball 1-1: Ball 2-1: Swinging Strike 2-2: SINGLE (Groundball, 56S, EV 61.2 MPH) (infield hit)
|
|
Batting: RHB Dan Allred
|
0-0: Called Strike 0-1: Ball 1-1: Ball 2-1: Ball Greg Reedy is caught stealing 2nd base 2-4 3-1: SINGLE (Groundball, 56, EV 98.8 MPH)
|
|
Batting: SHB Robert Sayer
|
0-0: Called Strike 0-1: Ball 1-1: Ground out 4-3 (Groundball, 4, EV 83.1 MPH)
|
| Top of the 2nd over - 0 runs, 2 hits, 0 errors, 1 left on base; Wisconsin 1 - Lakewood 0 |
| BOTTOM OF THE 2ND |
|
Lakewood BlueClaws batting - Pitching for Wisconsin Timber Rattlers : RHP Julian Urbina
|
|
Batting: SHB Brett St. Clair
|
0-0: Called Strike 0-1: Ball 1-1: Foul Ball, location: 2F 1-2: Strikes out swinging
|
|
Batting: RHB Kyle Reilly
|
0-0: Foul Ball, location: 2F 0-1: Ball 1-1: Foul Ball, location: 2F 1-2: Ball 2-2: Ball 3-2: Base on Balls
|
|
Batting: LHB Eric Farren
|
0-0: Ball 1-0: Called Strike 1-1: Foul Ball, location: 2F 1-2: Strikes out swinging
|
|
Batting: RHB Juan Valadez
|
0-0: Ball 1-0: Swinging Strike 1-1: Ball 2-1: Foul Ball, location: 2F 2-2: Ball Kyle Reilly steals 2nd base 3-2: Foul Ball, location: 2F 3-2: Strikes out swinging
|
| Bottom of the 2nd over - 0 runs, 0 hits, 0 errors, 1 left on base; Wisconsin 1 - Lakewood 0 |
| TOP OF THE 3RD |
|
Wisconsin Timber Rattlers batting - Pitching for Lakewood BlueClaws : RHP Shamar Hansford
|
|
Batting: RHB Chris Maul
|
0-0: Ball 1-0: Ball 2-0: Called Strike 2-1: Foul Ball, location: 2F 2-2: Ground out 6-3 (Groundball, 6MD, EV 81.9 MPH)
|
|
Batting: SHB Jerry Duffy
|
0-0: Ball 1-0: Foul Ball, location: 2F 1-1: Ball 2-1: Foul Ball, location: 2F 2-2: Strikes out swinging
|
|
Batting: LHB Tyler Francis
|
0-0: SINGLE (Groundball, 4MD, EV 103.8 MPH)
|
|
Batting: RHB Jeremy Harden
|
0-0: Ball 1-0: Called Strike 1-1: Swinging Strike 1-2: Foul Ball, location: 2F 1-2: Foul Ball, location: 2F 1-2: Ball 2-2: Strikes out swinging
|
| Top of the 3rd over - 0 runs, 1 hit, 0 errors, 1 left on base; Wisconsin 1 - Lakewood 0 |
| BOTTOM OF THE 3RD |
|
Lakewood BlueClaws batting - Pitching for Wisconsin Timber Rattlers : RHP Julian Urbina
|
|
Batting: RHB Trent Hedrick
|
0-0: Ground out 1-3 (Groundball, 15S, EV 66.2 MPH)
|
|
Batting: RHB Danny Habermehl
|
0-0: Ball 1-0: DOUBLE (Line Drive, 89M, EV 106.2 MPH)
|
|
Batting: LHB Jonathan Roman
|
0-0: Ball 1-0: Ball 2-0: Called Strike 2-1: Foul Ball, location: 2F 2-2: Foul Ball, location: 2F 2-2: Fly out, F7 (Flyball, 78D, EV 109.4 MPH)
|
|
Batting: SHB Steve DeRienzo
|
0-0: Swinging Strike 0-1: Ball 1-1: Foul Ball, location: 2F 1-2: Ball 2-2: Strikes out swinging
|
| Bottom of the 3rd over - 0 runs, 1 hit, 0 errors, 1 left on base; Wisconsin 1 - Lakewood 0 |
| TOP OF THE 4TH |
|
Wisconsin Timber Rattlers batting - Pitching for Lakewood BlueClaws : RHP Shamar Hansford
|
|
Batting: RHB Xiao-shuang Au
|
0-0: Swinging Strike 0-1: Ball 1-1: Foul Ball, location: 2F 1-2: Ball 2-2: Ball 3-2: Strikes out looking
|
|
Batting: SHB Ramon Perez
|
0-0: Called Strike 0-1: Ball 1-1: Fly out, F8 (Flyball, 8LM, EV 73.8 MPH)
|
|
Batting: LHB Greg Reedy
|
0-0: Foul Ball, location: 2F 0-1: Foul Ball, location: 2F 0-2: Strikes out looking
|
| Top of the 4th over - 0 runs, 0 hits, 0 errors, 0 left on base; Wisconsin 1 - Lakewood 0 |
| BOTTOM OF THE 4TH |
|
Lakewood BlueClaws batting - Pitching for Wisconsin Timber Rattlers : RHP Julian Urbina
|
|
Batting: LHB Josh George
|
0-0: Foul Ball, location: 2F 0-1: Ball 1-1: Ball 2-1: Foul Ball, location: 2F 2-2: Ball 3-2: Base on Balls
|
|
Batting: SHB Brett St. Clair
|
0-0: Foul Ball, location: 2F 0-1: Ball 1-1: Called Strike Josh George steals 2nd base 1-2: Strikes out swinging
|
|
Batting: RHB Kyle Reilly
|
0-0: Called Strike Josh George steals 3rd base 0-1: Foul Ball, location: 2F 0-2: Ball 1-2: Ground out 6-3 (Groundball, 6, EV 99.4 MPH) Josh George scores
|
|
Batting: LHB Eric Farren
|
0-0: Swinging Strike 0-1: Swinging Strike 0-2: Ball 1-2: Foul Ball, location: 2F 1-2: Ground out 5-3 (Groundball, 5, EV 81.2 MPH)
|
| Bottom of the 4th over - 1 run, 0 hits, 0 errors, 0 left on base; Wisconsin 1 - Lakewood 1 |
| TOP OF THE 5TH |
|
Wisconsin Timber Rattlers batting - Pitching for Lakewood BlueClaws : RHP Shamar Hansford
|
|
Batting: RHB Dan Allred
|
0-0: Ball 1-0: Foul Ball, location: 2F 1-1: Foul Ball, location: 2F 1-2: Fly out, F8 (Flyball, 8RM, EV 98.1 MPH)
|
|
Batting: SHB Robert Sayer
|
0-0: Called Strike 0-1: Ball 1-1: Fly out, F9 (Flyball, 9LSF, EV 91.9 MPH)
|
|
Batting: RHB Chris Maul
|
0-0: Ball 1-0: Called Strike 1-1: Fly out, F9 (Flyball, 9, EV 88.1 MPH)
|
| Top of the 5th over - 0 runs, 0 hits, 0 errors, 0 left on base; Wisconsin 1 - Lakewood 1 |
| BOTTOM OF THE 5TH |
|
Lakewood BlueClaws batting - Pitching for Wisconsin Timber Rattlers : RHP Julian Urbina
|
|
Batting: RHB Juan Valadez
|
0-0: Swinging Strike 0-1: Ball 1-1: Foul Ball, location: 2F 1-2: Ball 2-2: DOUBLE (Line Drive, 8LXD, EV 101.2 MPH)
|
|
Batting: RHB Trent Hedrick
|
0-0: Foul Ball, location: 2F 0-1: Foul Ball, location: 2F 0-2: Strikes out swinging
|
|
Batting: RHB Danny Habermehl
|
0-0: Ball 1-0: Called Strike 1-1: SINGLE (Groundball, 6MD, EV 100.6 MPH) Juan Valadez to third
|
|
Batting: LHB Jonathan Roman
|
0-0: Foul Ball, location: 2F 0-1: Ball 1-1: Called Strike 1-2: Ball 2-2: Ball 3-2: Ground out 5-3 (Groundball, 25, EV 72.5 MPH) Danny Habermehl to second
|
|
Batting: SHB Steve DeRienzo
|
0-0: Ball 1-0: Ball 2-0: Ball 3-0: Called Strike 3-1: Called Strike 3-2: Foul Ball, location: 2F 3-2: Foul Ball, location: 2F 3-2: Foul Ball, location: 2F 3-2: Foul Ball, location: 2F 3-2: DOUBLE (Line Drive, 89M, EV 106.2 MPH) Juan Valadez scores Danny Habermehl scores
|
|
Pitching: LHP Paul Schumacher
|
|
|
Batting: LHB Josh George
|
0-0: Ball 1-0: Foul Ball, location: 2F 1-1: Reached on error, E1 (Groundball, 34S, EV 70.0 MPH) Steve DeRienzo scores
|
|
Batting: SHB Brett St. Clair
|
0-0: Ball 1-0: Ball 2-0: Called Strike 2-1: Foul Ball, location: 2F 2-2: SINGLE (Groundball, 6D, EV 105.6 MPH) Josh George to third Runner from 3rd tries for Home, SAFE, throw by CF to home
|
|
Batting: RHB Kyle Reilly
|
0-0: Called Strike 0-1: Foul Ball, location: 2F 0-2: Ground out U3 (Groundball, 3, EV 83.1 MPH)
|
| Bottom of the 5th over - 4 runs, 4 hits, 1 error, 1 left on base; Wisconsin 1 - Lakewood 5 |
| TOP OF THE 6TH |
|
Wisconsin Timber Rattlers batting - Pitching for Lakewood BlueClaws : RHP Shamar Hansford
|
|
Batting: SHB Jerry Duffy
|
0-0: SINGLE (Groundball, 3, EV 96.2 MPH)
|
|
Batting: LHB Tyler Francis
|
0-0: Called Strike Jerry Duffy is caught stealing 2nd base 2-6 0-1: Swinging Strike 0-2: SINGLE (Line Drive, 6MD, EV 96.9 MPH)
|
|
Batting: RHB Jeremy Harden
|
0-0: Swinging Strike 0-1: Foul Ball, location: 2F 0-2: Fielders Choice at 2nd, 5-4 (Groundball, 5, EV 103.8 MPH)
|
|
Batting: RHB Xiao-shuang Au
|
0-0: Ball 1-0: Called Strike Jeremy Harden steals 2nd, throwing error, E2 Jeremy Harden to third 1-1: Ball 2-1: Ball 3-1: Base on Balls
|
|
Pitching: RHP Alec Guglielmo
|
|
|
Batting: SHB Ramon Perez
|
0-0: Ball 1-0: Fly out, F7 (Flyball, 7D, EV 93.8 MPH)
|
| Top of the 6th over - 0 runs, 2 hits, 1 error, 2 left on base; Wisconsin 1 - Lakewood 5 |
| BOTTOM OF THE 6TH |
|
Lakewood BlueClaws batting - Pitching for Wisconsin Timber Rattlers : LHP Paul Schumacher
|
|
Batting: LHB Eric Farren
|
0-0: Ball 1-0: Called Strike 1-1: SINGLE (Line Drive, 7LS, EV 93.1 MPH)
|
|
Batting: RHB Juan Valadez
|
0-0: Fly out, F2 (Popup, 15S, EV 87.5 MPH)
|
|
Batting: RHB Trent Hedrick
|
0-0: Called Strike Eric Farren steals 2nd, throwing error, E2 Eric Farren to third 0-1: Foul Ball, location: 2F 0-2: Foul Ball, location: 2F 0-2: Ground out 6-3 (Groundball, 6, EV 86.9 MPH) Eric Farren scores
|
|
Batting: RHB Danny Habermehl
|
0-0: Swinging Strike 0-1: Ball 1-1: Ball 2-1: Ground out 6-3 (Groundball, 6S, EV 80.0 MPH)
|
| Bottom of the 6th over - 1 run, 1 hit, 1 error, 0 left on base; Wisconsin 1 - Lakewood 6 |
| TOP OF THE 7TH |
|
Wisconsin Timber Rattlers batting - Pitching for Lakewood BlueClaws : RHP Alec Guglielmo
|
|
Batting: LHB Greg Reedy
|
0-0: Ball 1-0: Ball 2-0: Ground out U3 (Groundball, 3, EV 90.0 MPH)
|
|
Batting: RHB Dan Allred
|
0-0: Ball 1-0: Ground out 5-3 (Groundball, 56, EV 86.2 MPH)
|
|
Batting: SHB Robert Sayer
|
0-0: Ball 1-0: Ball 2-0: SINGLE (Line Drive, 89S, EV 108.8 MPH)
|
|
Batting: RHB Chris Maul
|
0-0: DOUBLE (Groundball, 5L, EV 103.8 MPH) Robert Sayer to third
|
|
Batting: SHB Jerry Duffy
|
0-0: Called Strike 0-1: Foul Ball, location: 2F 0-2: Ground out 5-3 (Groundball, 5, EV 101.2 MPH)
|
| Top of the 7th over - 0 runs, 2 hits, 0 errors, 2 left on base; Wisconsin 1 - Lakewood 6 |
| BOTTOM OF THE 7TH |
|
Lakewood BlueClaws batting - Pitching for Wisconsin Timber Rattlers : LHP Paul Schumacher
|
|
Batting: LHB Jonathan Roman
|
0-0: Ball 1-0: Ball 2-0: Ball 3-0: Called Strike 3-1: Swinging Strike 3-2: Foul Ball, location: 2F 3-2: Strikes out swinging, 2-3 out at first.
|
|
Batting: SHB Steve DeRienzo
|
0-0: Ball 1-0: Foul Ball, location: 2F 1-1: Fly out, F9 (Line Drive, 89M, EV 94.4 MPH)
|
|
Batting: LHB Josh George
|
0-0: Ball 1-0: Foul Ball, location: 2F 1-1: Swinging Strike 1-2: Strikes out swinging
|
| Bottom of the 7th over - 0 runs, 0 hits, 0 errors, 0 left on base; Wisconsin 1 - Lakewood 6 |
| TOP OF THE 8TH |
|
Wisconsin Timber Rattlers batting - Pitching for Lakewood BlueClaws : RHP Alec Guglielmo
|
|
Batting: LHB Tyler Francis
|
0-0: SINGLE (Line Drive, 9S, EV 89.4 MPH)
|
|
Batting: RHB Jeremy Harden
|
0-0: Called Strike 0-1: Ball 1-1: Grounds into double play, 5-4-3 (Groundball, 5L, EV 78.1 MPH)
|
|
Batting: RHB Xiao-shuang Au
|
0-0: Ball 1-0: Called Strike 1-1: Ball 2-1: Foul Ball, location: 2F 2-2: Fly out, F9 (Flyball, 9, EV 82.5 MPH)
|
| Top of the 8th over - 0 runs, 1 hit, 0 errors, 0 left on base; Wisconsin 1 - Lakewood 6 |
| BOTTOM OF THE 8TH |
|
Lakewood BlueClaws batting - Pitching for Wisconsin Timber Rattlers : LHP Paul Schumacher
|
|
Batting: SHB Brett St. Clair
|
0-0: Called Strike 0-1: Called Strike 0-2: Hit by Pitch
|
|
Batting: RHB Kyle Reilly
|
0-0: Foul Ball, location: 2F 0-1: SINGLE (Line Drive, 8LS, EV 86.2 MPH) Brett St. Clair to second
|
|
Pitching: RHP Corey Pierce
|
|
|
Batting: LHB Eric Farren
|
0-0: Ball 1-0: Fly out, F4 (Popup, 34S, EV 84.4 MPH)
|
|
Batting: RHB Juan Valadez
|
0-0: Ball 1-0: Fly out, F5 (Line Drive, 5, EV 66.9 MPH)
|
|
Batting: RHB Trent Hedrick
|
0-0: Foul Ball, location: 2F 0-1: 3-RUN HOME RUN (Flyball, 7D, EV 96.9 MPH), Distance : 355 ft
|
|
Batting: RHB Danny Habermehl
|
0-0: Ball 1-0: Ball 2-0: Ball 3-0: Base on Balls
|
|
Batting: LHB Jonathan Roman
|
0-0: Swinging Strike 0-1: Ball 1-1: Ball 2-1: Ball 3-1: Base on Balls Danny Habermehl to second
|
|
Batting: SHB Steve DeRienzo
|
0-0: Called Strike 0-1: Ball 1-1: Swinging Strike 1-2: Strikes out swinging
|
| Bottom of the 8th over - 3 runs, 2 hits, 0 errors, 2 left on base; Wisconsin 1 - Lakewood 9 |
| TOP OF THE 9TH |
|
Wisconsin Timber Rattlers batting - Pitching for Lakewood BlueClaws : RHP Alec Guglielmo
|
|
Batting: SHB Ramon Perez
|
0-0: Called Strike 0-1: Ball 1-1: Foul Ball, location: 2F 1-2: Foul Ball, location: 2F 1-2: Ball 2-2: Ball 3-2: Base on Balls
|
|
Pinch Hitting: RHB Chris Fruit
|
0-0: Foul Ball, location: 2F 0-1: Ball 1-1: Fielders Choice at 2nd, 3-6 (Groundball, 34, EV 101.9 MPH)
|
|
Pinch Hitting: LHB Fumito Sakurai
|
0-0: Ball 1-0: Ball 2-0: SINGLE (Line Drive, 78M, EV 93.8 MPH) Chris Fruit to second
|
|
Pitching: RHP Gregorio Padilla
|
|
|
Batting: SHB Robert Sayer
|
0-0: Ball 1-0: Ball 2-0: Swinging Strike 2-1: Called Strike 2-2: Foul Ball, location: 2F 2-2: Foul Ball, location: 2F 2-2: Fly out, F9 (Flyball, 89M, EV 90.0 MPH)
|
|
Batting: RHB Chris Maul
|
0-0: Foul Ball, location: 2F 0-1: Ball 1-1: Swinging Strike 1-2: Ball 2-2: Ball 3-2: SINGLE (Line Drive, 4D, EV 108.8 MPH) Chris Fruit to third Fumito Sakurai to second Chris Fruit scores Fumito Sakurai to third
|
|
Batting: SHB Jerry Duffy
|
0-0: Ball 1-0: Ball 2-0: Ball 3-0: Called Strike 3-1: Swinging Strike 3-2: Base on Balls Chris Maul to second
|
|
Pinch Hitting: LHB Mark Backstrom
|
0-0: Ball 1-0: Ground out 4-3 (Groundball, 4, EV 85.0 MPH)
|
| Top of the 9th over - 1 run, 2 hits, 0 errors, 3 left on base; Wisconsin 2 - Lakewood 9 |
|